 Dungeon Crawl Stone Soup version 0.30-a0-632-g346586fe48 (webtiles) character file.

Game seed: 16098531956069936781

237 NinjaNoafa the Vexing (level 6, -4/47 HPs)
             Began as a Gnoll Hexslinger on Jan 13, 2023.
             Slain by an iguana (9 damage)
             ... on level 4 of the Dungeon.
             The game lasted 00:08:14 (4012 turns).

NinjaNoafa the Vexing (Gnoll Hexslinger)            Turns: 4012, Time: 00:08:15

Health: -4/47      AC:  4    Str:  9    XL:     6   Next: 6%
Magic:  5/11       EV: 13    Int: 14    God:
Gold:   168        SH:  0    Dex: 13    Spells: 7/11 levels left

rFire   . . .      SeeInvis .    a - +1 sling
rCold   . . .      Faith    .    (no shield)
rNeg    + . .      Spirit   .    n - +1 robe "Ryty" {rN+ Archmagi}
rPois   .          Reflect  .    (no helmet)
rElec   .          Harm     .    (no cloak)
rCorr   .          Rampage  .    o - +0 pair of gloves
Will    .....      Archmagi +    (no boots)
Stlth   ++                       (no amulet)
HPRegen 0.27/turn                (no ring)
MPRegen 0.12/turn                (no ring)

@: no status effects
A: fangs 1, strong nose, distributed training
a: no special abilities


You were on level 4 of the Dungeon.
You visited 1 branch of the dungeon, and saw 5 of its levels.

You collected 168 gold pieces.

Inventory:

Hand Weapons
 a - a +1 sling (weapon)
Missiles
 c - 3 boomerangs
 d - a throwing net
 j - 11 poisoned darts
Armour
 n - the +1 robe "Ryty" (worn) {rN+ Archmagi}
   (You found it on level 2 of the Dungeon)

   rN:        It protects you from negative energy.
   Archmagi:  It increases the power of your magical spells.
 o - a +0 pair of gloves (worn)
Magical Staves
 y - a staff of fire
Wands
 w - a wand of digging (6)
Scrolls
 b - a scroll of enchant weapon {unknown}
 e - a scroll of silence {unknown}
 f - a scroll of fear {unknown}
 g - a scroll of immolation {unknown}
 h - 4 scrolls of teleportation {unknown}
 k - 3 scrolls of identify {unknown}
 l - a scroll of amnesia {unknown}
 q - a scroll of enchant armour {unknown}
 v - a scroll of blinking {unknown}
Potions
 i - a potion of might {unknown}
 m - 3 potions of heal wounds {unknown}
 p - 4 potions of mutation {unknown}
 r - a potion of attraction {unknown}
 s - a potion of cancellation {unknown}
 t - a potion of curing {unknown}
 u - a potion of invisibility {unknown}
 x - a potion of degeneration {unknown}


   Skills:
 + Level 3.2 Fighting
 + Level 1.8 Short Blades
 + Level 1.8 Long Blades
 + Level 1.8 Axes
 + Level 1.8 Maces & Flails
 + Level 1.8 Polearms
 + Level 1.8 Staves
 + Level 4.9 Ranged Weapons
 + Level 1.8 Throwing
 + Level 1.8 Armour
 + Level 4.9 Dodging
 + Level 1.8 Stealth
 + Level 1.8 Shields
 + Level 1.8 Unarmed Combat
 + Level 3.3 Spellcasting
 + Level 1.4 Conjurations
 + Level 5.6 Hexes
 + Level 1.4 Summonings
 + Level 1.4 Necromancy
 + Level 1.4 Translocations
 + Level 1.4 Transmutations
 + Level 1.4 Fire Magic
 + Level 1.4 Ice Magic
 + Level 1.4 Air Magic
 + Level 1.4 Earth Magic
 + Level 1.4 Poison Magic
 + Level 2.0 Invocations
 + Level 1.8 Evocations


You had 7 spell levels left.
You knew the following spells:

 Your Spells              Type           Power      Damage    Failure   Level
a - Slow                  Hex            100%       N/A       1%          1
b - Tukima's Dance        Hex            27%        N/A       6%          3

Your spell library contained the following spells:

 Spells                   Type           Power      Damage    Failure   Level
 Dazzling Flash           Conj/Hex       36%        N/A       14%         3
 Inner Flame              Hex/Fire       18%        N/A       14%         3
 Portal Projectile        Hex/Tloc       36%        N/A       14%         3
 Cause Fear               Hex            13%        N/A       21%         4
 Silence                  Hex/Air        9%         N/A       80%         5
 Agony                    Necr           9%         N/A       97%         5
 Blade Hands              Tmut           4%         N/A       97%         5


Dungeon Overview and Level Annotations

Branches:
Dungeon (5/15)
 Temple: D:4-7

Altars:
Ru


Innate Abilities, Weirdness & Mutations

You have very sharp teeth.
Your uncanny sense of smell can sniff out nearby items.
Your experience applies equally to all skills.


Message History

There is a stone staircase leading down here.
The quokka bites you but does no damage.
The iguana misses you.
Casting: Tukima's Dance (dangerous; 6% risk of failure)
Confirm with . or Enter, or press ? or * to list all spells.
Aiming: Slow (safe; 1% risk of failure)
Press: ? - help, Shift-Dir - straight line, f - iguana
Aim: an iguana (chance to affect: 65%)
You feel a surge of power!
The iguana struggles to resist.
The quokka barely misses you. The iguana barely misses you.
The quokka misses you.
There is a stone staircase leading up here.
Casting: Slow (safe; 1% risk of failure)
Confirm with . or Enter, or press ? or * to list all spells.
Aiming: Slow (safe; 1% risk of failure)
Press: ? - help, Shift-Dir - straight line, f/p - iguana
Aim: an iguana (chance to affect: 65%)
You feel a surge of power!
The iguana struggles to resist.
The quokka closely misses you. The iguana closely misses you.
The quokka attacks as you move away!
The quokka bites you but does no damage.
Casting: Slow (safe; 1% risk of failure)
Confirm with . or Enter, or press ? or * to list all spells.
Aiming: Slow (safe; 1% risk of failure)
Press: ? - help, Shift-Dir - straight line, f/p - iguana
Aim: an iguana (chance to affect: 65%)
You feel a surge of power!
The iguana struggles to resist.
The quokka barely misses you. The iguana barely misses you.
The quokka bites you.
* * * LOW HITPOINT WARNING * * *
You are too injured to fight recklessly!
Casting: Slow (safe; 1% risk of failure)
Confirm with . or Enter, or press ? or * to list all spells.
Aiming: Slow (safe; 1% risk of failure)
Press: ? - help, Shift-Dir - straight line, f/p - iguana
Aim: an iguana (chance to affect: 65%)
You feel a surge of power!
The iguana seems to slow down.
The quokka bites you.
* * * LOW HITPOINT WARNING * * *
The iguana bites you!
You die...

#.......##.#..........#
##.
##..#####..#.........##
#.. ####
##[##.........# ##..
#..####......## #...
######..## ##....##
#... #........## ##...#
##... ##.........##
##.## #....
#...........## ###
#.... #........@...##
#.... #........rl...#
##.... #........<....#
#..... #............##
###... #(.......>...#
#### #...........## #
#......[...##
##..........#
#..........## #


You could see an iguana (slow) and a quokka.

Vanquished Creatures
  An orc priest (D:3)
  Jessica (D:3)
  An iguana (D:3)
  6 adders
  A worm (D:3)
  2 dart slugs
  6 orcs (D:3)
  6 bats
  8 endoplasms
  3 giant cockroaches
  7 goblins
  8 hobgoblins
  5 jackals
  6 kobolds
  3 quokkas
  11 ball pythons
  5 frilled lizards
  5 rats
85 creatures vanquished.

Vanquished Creatures (collateral kills)
  An orc (D:3)
1 creature vanquished.

Vanquished Creatures (others)
  A dancing weapon (D:3)
  7 fungi (D:2)
  10 plants (D:2)
18 creatures vanquished.

Grand Total: 104 creatures vanquished

Notes
Turn   | Place    | Note
-------+----------+-------------------------------------------
     0 | D:1      | NinjaNoafa the Gnoll Hexslinger began the quest for the
                  | Orb.
     0 | D:1      | Reached XP level 1. HP: 17/17 MP: 4/4
    62 | D:1      | You fall into a shaft and drop 1 floor!
   128 | D:2      | Reached XP level 2. HP: 6/23 MP: 1/5
   357 | D:2      | Reached XP level 3. HP: 25/28 MP: 4/7
   487 | D:1      | Reached skill level 1 in Invocations
   640 | D:1      | Reached skill level 1 in Short Blades
   640 | D:1      | Reached skill level 1 in Long Blades
   640 | D:1      | Reached skill level 1 in Axes
   640 | D:1      | Reached skill level 1 in Maces & Flails
   640 | D:1      | Reached skill level 1 in Polearms
   640 | D:1      | Reached skill level 1 in Staves
   640 | D:1      | Reached skill level 1 in Throwing
   640 | D:1      | Reached skill level 1 in Armour
   640 | D:1      | Reached skill level 1 in Stealth
   640 | D:1      | Reached skill level 1 in Shields
   640 | D:1      | Reached skill level 1 in Unarmed Combat
   640 | D:1      | Reached skill level 1 in Evocations
   938 | D:1      | Reached XP level 4. HP: 34/34 MP: 8/8
  1208 | D:2      | Learned a level 3 spell: Tukima's Dance
  1223 | D:2      | Identified the +1 robe "Ryty" {rN+ Archmagi}
  1528 | D:2      | Reached skill level 1 in Conjurations
  1528 | D:2      | Reached skill level 1 in Summonings
  1528 | D:2      | Reached skill level 1 in Necromancy
  1528 | D:2      | Reached skill level 1 in Translocations
  1528 | D:2      | Reached skill level 1 in Transmutations
  1528 | D:2      | Reached skill level 1 in Fire Magic
  1528 | D:2      | Reached skill level 1 in Ice Magic
  1528 | D:2      | Reached skill level 1 in Air Magic
  1528 | D:2      | Reached skill level 1 in Earth Magic
  1528 | D:2      | Reached skill level 1 in Poison Magic
  1696 | D:2      | Found a faded altar of an unknown god.
  2153 | D:3      | Noticed Jessica
  2165 | D:3      | Reached XP level 5. HP: 40/40 MP: 5/9
  2172 | D:3      | Killed Jessica
  3093 | D:3      | Reached XP level 6. HP: 25/47 MP: 3/11
  3525 | D:4      | Found a sacrificial altar of Ru.
  3946 | D:5      | Entered Level 5 of the Dungeon
  4012 | D:4      | Slain by an iguana

Illustrated notes

Levels and vault maps discovered:
D:1:      minmay_arrival_three_doors, layout_rooms
D:2:      layout_loops_ring, shapermc_ecumenical_altar_mp_ritualfount,
          dreamdust_mushroom_princess, due_unseen_surprise
D:3:      layout_loops_ring, minmay_misc_feat_ornament, uniq_jessica
D:4:      layout_cave_pods, mainiacjoe_overflow_brackets, minmay_distorted
D:5:      layout_basic, amcnicky_altar_gilded, general_overflow_altar,
          gup_sewer_entry_bubbles, bh_walls_and_bars, uniq_crazy_yiuf_cottage

Skill      XL: |  1  2  3  4  5 |
---------------+----------------+-----
Invocations    | 1 2 |  2.0
Short Blades   | 1 |  1.8
Long Blades    | 1 |  1.8
Axes           | 1 |  1.8
Maces & Flails | 1 |  1.8
Polearms       | 1 |  1.8
Staves         | 1 |  1.8
Throwing       | 1 |  1.8
Armour         | 1 |  1.8
Stealth        | 1 |  1.8
Shields        | 1 |  1.8
Unarmed Combat | 1 |  1.8
Evocations     | 1 |  1.8
Spellcasting   | 3 |  3.3
Conjurations   | 1 |  1.4
Summonings     | 1 |  1.4
Necromancy     | 1 |  1.4
Translocations | 1 |  1.4
Transmutations | 1 |  1.4
Fire Magic     | 1 |  1.4
Ice Magic      | 1 |  1.4
Air Magic      | 1 |  1.4
Earth Magic    | 1 |  1.4
Poison Magic   | 1 |  1.4
Fighting       | 3 |  3.2
Ranged Weapons | |  4.9
Dodging        | |  4.9
Hexes          | |  5.6

Action                   |  1- 3 |  4- 6 || total
-------------------------+-------+-------++-------
 Fire: Sling             |   115 |   245 ||   360
 Cast: Slow              |    27 |    44 ||    71
       Tukima's Dance    |       |    12 ||    12
  Use: Scroll            |     1 |       ||     1
       Potion            |       |     1 ||     1
Armor: Robe              |    12 |    49 ||    61
Dodge: Dodged            |    83 |   140 ||   223

Table legend: (Time is in decaauts)
 A = Elapsed time spent in this place.
 B = Non-inter-level travel time spent in this place.
 C = Inter-level travel time spent in this place.
 D = Time resting spent in this place.
 E = Time spent auto-exploring this place.
 F = Levels seen in this place.
 G = Mean time per level.
                   A        B        C        D        E       F      G
               +--------+--------+--------+--------+--------+-----+--------+
         Total |   4064 |   3903 |    161 |      0 |   2863 |   5 |  812.8 |
       Dungeon |   4064 |   3903 |    161 |      0 |   2863 |   5 |  812.8 |
               +--------+--------+--------+--------+--------+-----+--------+

Top non-repeatable levels by time:
     D:3: 1332 daAuts
     D:2: 1190 daAuts
     D:4: 921 daAuts
     D:1: 612 daAuts
     D:5: 7 daAuts
